 Dungeon Crawl Stone Soup version 0.31-a0-845-g9abc20d (webtiles) character file.

Game seed: 14287143183377604730

11412 BarneyGumball the Cleaver (level 11, -5/77 HPs)
             Began as a Demonspawn Artificer on Oct 1, 2023.
             Was an Elder of Fedhas.
             Slain by a harpy (11 damage)
             ... on level 2 of the Lair of Beasts.
             The game lasted 00:56:19 (14437 turns).

BarneyGumball the Cleaver (Demonspawn Artificer)   Turns: 14437, Time: 00:56:19

Health: -5/77      AC:  9    Str: 17    XL:     11   Next: 49%
Magic:  13/16      EV: 12    Int: 19    God:    Fedhas [****..]
Gold:   187        SH:  9    Dex: 13    Spells: 10/10 levels left

rFire   . . .        O - +4 battleaxe (freeze)
rCold   . . .        (shield currently unavailable)
rNeg    . . .        m - +4 ring mail
rPois   .            (no helmet)
rElec   .            (no cloak)
rCorr   .            (no gloves)
SInv    .            (no boots)
Will    .....        l - amulet of reflection
Stlth   +            h - +6 ring of intelligence
HPRegen 0.32/turn    (no ring)
MPRegen 0.15/turn

%: reflection
@: no status effects
A: claws 2, condensation shield, demonic magic 1
a: Renounce Religion, Wall of Briars, Grow Ballistomycete, Overgrow


You were on level 2 of the Lair of Beasts.
You worshipped Fedhas.
Fedhas was greatly pleased with you.
You visited 2 branches of the dungeon, and saw 13 of its levels.
You also visited: Sewer.

You collected 643 gold pieces.
You spent 456 gold pieces at shops.

Inventory:

Hand Weapons
 j - a +0 war axe
 D - the +3 war axe of Fear {flame, MP-9 Str+3 Int+2}
   (You found it on level 4 of the Dungeon)

   Str+3:     It affects your strength (+3).
   Int+2:     It affects your intelligence (+2).
   MP-9:      It affects your magic capacity (-9).
 O - a +4 battleaxe of freezing (weapon)
Missiles
 z - 23 poisoned darts (quivered)
Armour
 m - a +4 ring mail (worn)
 C - a +0 kite shield
Jewellery
 h - a +6 ring of intelligence (left claw)
 l - an amulet of reflection (around neck)
 w - an amulet of magic regeneration
 N - an amulet of guardian spirit
Talismans
 r - a beast talisman
Wands
 c - a wand of flame (1)
 d - a wand of charming (15)
 t - a wand of digging (4)
 u - a wand of mindburst (9)
 x - a wand of roots (10)
Scrolls
 e - a scroll of acquirement {unknown}
 g - 4 scrolls of vulnerability
 k - 2 scrolls of teleportation
 n - 3 scrolls of torment {unknown}
 p - 5 scrolls of fog
 q - 2 scrolls of noise
 s - 2 scrolls of butterflies
 A - a scroll of silence
 E - a scroll of revelation {unknown}
 G - a scroll of brand weapon {unknown}
 I - a scroll of amnesia {unknown}
 J - 2 scrolls of enchant weapon {unknown}
 K - 3 scrolls of immolation {unknown}
 L - 3 scrolls of enchant armour
 M - 2 scrolls of poison {unknown}
Potions
 a - a potion of curing
 b - 3 potions of cancellation
 f - 2 potions of attraction
 i - 2 potions of magic
 o - 3 potions of mutation
 v - a potion of lignification
 B - 2 potions of ambrosia
 F - 2 potions of resistance
 H - a potion of enlightenment {unknown}


   Skills:
 - Level 4.0 Fighting
 + Level 12.3 Axes
 - Level 1.0(7.9) Maces & Flails
 - Level 4.0 Throwing
 - Level 4.0 Armour
 - Level 4.0 Dodging
 - Level 2.0 Stealth
 + Level 6.3 Shields
 + Level 7.0 Invocations
 - Level 3.0 Evocations


You had 10 spell levels left.
You didn't know any spells.
Your spell library contained the following spells:

 Spells                   Type           Power      Damage    Failure   Level
 Apportation              Tloc           0%         N/A       34%         1
 Magic Dart               Conj           0%         1d3       34%         1
 Necrotise                Necr           0%         1d4       34%         1
 Shock                    Conj/Air       0%         1d3       34%         1
 Summon Small Mammal      Summ           0%         N/A       34%         1
 Call Imp                 Summ           0%         N/A       47%         2
 Ensorcelled Hibernation  Hex/Ice        0%         N/A       47%         2
 Lesser Beckoning         Tloc           0%         N/A       47%         2
 Passwall                 Tmut/Erth      0%         N/A       47%         2
 Gell's Gravitas          Tloc           0%         N/A       71%         3
 Inner Flame              Hex/Fire       0%         N/A       71%         3
 Mephitic Cloud           Conj/Pois/Air  0%         N/A       71%         3
 Swiftness                Air            0%         N/A       71%         3
 Teleport Other           Tloc           0%         N/A       71%         3
 Airstrike                Air            0%         2d(0-16)  98%         4
 Flame Wave               Conj/Fire      0%         2d4       98%         4
 Sticky Flame             Conj/Fire      0%         2d3       98%         4
 Vhi's Electric Charge    Tloc/Air       0%         N/A       98%         4
 Arcjolt                  Conj/Air       0%         1d10      100%        5
 Maxwell's Capacitive Co  Air            0%         ∞         100%        8


Dungeon Overview and Level Annotations

Branches:
Dungeon (11/15)            Temple (0/1) D:7            Lair (2/5) D:9
 Shoals (0/4) Lair:2        Sewer (visited)
  Snake: Lair:2-3    Spider: Lair:2-3       Orc: D:9-12

Altars:
Cheibriados
Fedhas
Gozag
Hepliaklqana
Kikubaaqudgha
Makhleb
Ru

Shops:
D:3 ?=*::   D:10 [

Portals:
Trove: D:10 (give +4 ring of slaying)

Annotations:
D:2 Natasha
D:7 exclusion: steam dragon
D:8 2 runed translucent doors, exclusion: 2 doors
D:10 6 transporters
Lair:2 Erica


Innate Abilities, Weirdness & Mutations

You have very sharp fingernails.
A meltable shield of frost defends you. (SH +4)
Spells you cast may paralyse adjacent enemies.


Message History

The swamp worm is heavily wounded.
You closely miss the harpy. The harpy closely misses you. The harpy claws you.
The harpy claws you! You block the harpy's attack.
You block the swamp worm's attack.
You hit the swamp worm but do no damage.
The swamp worm is heavily wounded.
The harpy claws you but does no damage. x2; You block the swamp worm's attack.
The swamp worm barely misses you.
You completely miss the swamp worm.
The swamp worm is moderately wounded.
You barely miss the harpy.
The harpy claws you but does no damage. x2
You block the harpy's attack. The harpy claws you but does no damage.
You block the swamp worm's attack.
You slash the swamp worm! You freeze the swamp worm.
The swamp worm is severely wounded.
You hit the harpy. You freeze the harpy. The harpy claws you. x2
The harpy closely misses you. The harpy claws you! The swamp worm bites you!!
* * * LOW HITPOINT WARNING * * *
A ballistomycete spore comes into view.
Okay, then.
You hit the harpy. You freeze the harpy.
The harpy is lightly wounded.
You slash the harpy! You freeze the harpy. You slash the swamp worm!
You freeze the swamp worm. The harpy completely misses you.
The harpy claws you.
* * * LOW HITPOINT WARNING * * *
The harpy closely misses you. You block the harpy's attack.
The swamp worm bites you.
* * * LOW HITPOINT WARNING * * *
Your ballistomycete spore explodes!
The swamp worm appears confused.
The explosion of spores engulfs the swamp worm!!
You kill the swamp worm!
Fedhas appreciates your contribution to the ecosystem.
The harpy barely misses you. The harpy claws you but does no damage.
You slash the harpy! You freeze the harpy.
The harpy is almost dead.
The harpy claws you!
You die...
Fedhas appreciates your contribution to the ecosystem.

..~.~. ..~~~~ .#~~#.
###..~~.> ##.....~#.#~
.....~~~~~~~ #....~~~~.~.
##@HH.........
#..†..........
#.P......#...# .P♣~ ##
##...........###.♣~ #..##
##.....#....##...♣
.....#########.....b.>###...
#......#.#P##....P.##.....
#......b.b.b.....b........
#...P..bbb.b..bb.b........


You could see 2 harpies and a friendly ballistomycete (summoned).

Vanquished Creatures
  A hydra (Lair:2)
  A skyshark (Lair:2)
  4 elephants (Lair:2)
  3 black mambas
  3 cane toads (Lair:1)
  Jeremiah (D:7)
  4 komodo dragons
  A troll (D:10)
  A hornet (D:7)
  2 wyverns
  A wraith (D:10)
  3 yaks (D:8)
  A steam dragon (D:9)
  A swamp worm (Lair:2)
  3 water moccasins (Lair:1)
  3 orc warriors
  4 ogres
  2 black bears
  3 centaurs
  2 phantoms (D:5)
  5 kobold brigands
  7 bullfrogs
  A gnoll sergeant (D:8)
  4 scorpions
  8 wights
  5 killer bees (D:9)
  2 howler monkeys
  An electric eel (Lair:2)
  A crimson imp (D:5)
  5 orc priests
  5 hounds
  3 gnoll boudas
  3 iguanas
  An orc wizard (D:11)
  Natasha (D:2)
  9 adders
  19 gnolls
  2 river rats (Sewer)
  3 white imps
  An ufetubus (D:6)
  5 worms
  2 dart slugs
  28 orcs
  6 bats
  9 endoplasms
  5 giant cockroaches
  5 goblins
  4 hobgoblins
  5 jackals
  16 kobolds
  7 quokkas
  11 ball pythons
  3 frilled lizards
  10 rats
246 creatures vanquished.

Vanquished Creatures (collateral kills)
  14 ballistomycete spores (Lair:2)
14 creatures vanquished.

Vanquished Creatures (others)
  An iguana (D:4)
  2 adders (D:4)
  A hobgoblin (D:4)
4 creatures vanquished.

Grand Total: 264 creatures vanquished

Notes
Turn   | Place    | Note
-------+----------+-------------------------------------------
     0 | D:1      | BarneyGumball the Demonspawn Artificer began the quest for
                  | the Orb.
     0 | D:1      | Reached XP level 1. HP: 15/15 MP: 1/1
   126 | D:1      | Reached skill level 1 in Maces & Flails
   312 | D:1      | Gained mutation: You have sharp fingernails. [demonic
                  | ancestry]
   312 | D:1      | Reached XP level 2. HP: 18/21 MP: 2/2
   354 | D:1      | Reached skill level 1 in Axes
  1298 | D:2      | Reached skill level 2 in Axes
  1298 | D:2      | Reached XP level 3. HP: 25/26 MP: 3/3
  1605 | D:2      | Reached skill level 3 in Axes
  1605 | D:2      | Reached XP level 4. HP: 32/32 MP: 4/4
  1909 | D:2      | Noticed Natasha
  1911 | D:2      | Killed Natasha
  2073 | D:2      | Noticed Natasha
  2438 | D:3      | Found a hazy altar of Hepliaklqana.
  2479 | D:3      | Found Siqagiv's Jewellery Emporium.
  2531 | D:3      | Found Woxiton's Magic Scroll Shoppe.
  2548 | D:3      | Bought a scroll of identify for 28 gold pieces
  2548 | D:3      | Bought a scroll of identify for 28 gold pieces
  2548 | D:3      | Bought a scroll of noise for 14 gold pieces
  2571 | D:3      | Found a faded altar of an unknown god.
  2575 | D:3      | Found a burning altar of Makhleb.
  2580 | D:3      | Prayed at the altar of an unknown god.
  2580 | D:3      | Became a worshipper of Fedhas Madash
  2580 | D:3      | Reached * piety under Fedhas
  2692 | D:3      | Reached skill level 4 in Axes
  2745 | D:3      | Found Cit Alah's General Store.
  2754 | D:3      | Bought a potion of curing for 39 gold pieces
  2777 | D:3      | Found Gaklulir's Book Boutique.
  2782 | D:3      | Noticed a scorpion
  2784 | D:3      | Reached XP level 5. HP: 37/37 MP: 5/5
  2821 | D:3      | Found Kaodetap's Book Shoppe.
  2930 | D:3      | Found an opulent altar of Gozag.
  3202 | D:4      | Reached ** piety under Fedhas
  3246 | D:4      | Identified the +10 hand axe "Hydrabane" {antimagic,
                  | *Corrode Fragile Str+4 Dex+8}
  3287 | D:4      | Reached skill level 5 in Axes
  3291 | D:4      | Reached XP level 6. HP: 33/43 MP: 2/6
  3810 | D:4      | Found a snail-covered altar of Cheibriados.
  3880 | D:4      | Identified the +3 war axe of Fear {flame, MP-9 Str+3 Int+2}
  4061 | D:5      | Entered Level 5 of the Dungeon
  4071 | D:5      | Reached skill level 6 in Axes
  4315 | D:4      | Gained mutation: Spells you cast may paralyse adjacent
                  | enemies. [demonic ancestry]
  4315 | D:4      | Reached XP level 7. HP: 37/48 MP: 2/7
  4545 | D:5      | Reached skill level 7 in Axes
  4587 | D:5      | Found a glowing drain.
  4592 | D:5      | Reached skill level 1 in Stealth
  4606 | D:5      | Reached *** piety under Fedhas
  4663 | Sewer    | Entered a sewer
  4950 | Sewer    | Reached skill level 8 in Axes
  4950 | Sewer    | Reached XP level 8. HP: 36/54 MP: 2/8
  5696 | D:5      | Found an ancient bone altar of Kikubaaqudgha.
  5771 | D:5      | Reached skill level 9 in Axes
  5922 | D:6      | Reached skill level 1 in Throwing
  6108 | D:6      | Reached **** piety under Fedhas
  6109 | D:6      | Reached skill level 1 in Dodging
  6110 | D:6      | Reached skill level 1 in Invocations
  6286 | D:6      | Gained mutation: You have very sharp fingernails. [demonic
                  | ancestry]
  6286 | D:6      | Reached XP level 9. HP: 60/60 MP: 3/10
  6559 | D:6      | Noticed an angel
  6880 | D:7      | Noticed Jeremiah
  7085 | D:7      | Found a staircase to the Ecumenical Temple.
  7271 | D:7      | Identified the +0 ring mail "Gemne" {Int+2}
  7360 | D:7      | Paralysed by a hornet for 2 turns
  7366 | D:7      | Paralysed by a hornet for 3 turns
  7782 | D:7      | HP: 2/47 [Jeremiah/divine providence (12)]
  8222 | D:7      | Killed Jeremiah
  8764 | D:8      | Identified the +4 falchion of Accord {protect, Str+4}
  8786 | D:8      | Found a large runed translucent door.
  8797 | D:8      | Found a large runed translucent door.
  8818 | D:8      | Reached skill level 10 in Axes
  9281 | D:9      | Found a staircase to the Lair.
  9305 | D:9      | Reached XP level 10. HP: 68/71 MP: 4/13
  9361 | D:9      | Reached ***** piety under Fedhas
  9587 | D:9      | Reached skill level 5 in Invocations
 10085 | D:9      | Found a blossoming altar of Fedhas.
 10264 | D:10     | Entered Level 10 of the Dungeon
 10272 | D:10     | Found a sacrificial altar of Ru.
 10524 | D:10     | Found a transporter.
 10609 | D:10     | Found a transporter.
 10609 | D:10     | Found a transporter.
 10629 | D:10     | Found a transporter.
 10636 | D:10     | Found a transporter.
 10675 | D:10     | Found Kenuckumm's Antique Armour Boutique.
 10681 | D:10     | Bought a glowing chain mail for 217 gold pieces
 10696 | D:10     | Found a portal to a secret trove of treasure.
 10964 | D:10     | Found a transporter.
 10994 | D:10     | Reached skill level 1 in Shields
 11424 | D:11     | Noticed a two-headed ogre
 11544 | Lair:1   | Entered Level 1 of the Lair of Beasts
 11572 | Lair:1   | Noticed a black mamba
 11592 | Lair:1   | Killed a black mamba
 11837 | Lair:1   | Noticed a cane toad
 11857 | Lair:1   | Killed a cane toad
 11858 | Lair:1   | Reached skill level 11 in Axes
 12421 | Lair:1   | Noticed a cane toad
 12434 | Lair:1   | Killed a cane toad
 12884 | Lair:1   | Noticed a cane toad
 12885 | Lair:1   | Noticed a black mamba
 12892 | Lair:1   | Killed a cane toad
 12893 | Lair:1   | Killed a black mamba
 12894 | Lair:1   | Gained mutation: A meltable shield of frost defends you.
                  | (SH +4) [demonic ancestry]
 12894 | Lair:1   | Reached XP level 11. HP: 77/77 MP: 5/16
 13032 | D:10     | Bought a kite shield for 130 gold pieces
 13319 | Lair:2   | Noticed a harpy
 13319 | Lair:2   | Noticed a harpy
 13319 | Lair:2   | Found a staircase to the Shoals.
 13433 | Lair:2   | Reached skill level 5 in Shields
 13437 | Lair:2   | Noticed a four-headed hydra
 13443 | Lair:2   | Killed a four-headed hydra
 13444 | Lair:2   | Reached skill level 12 in Axes
 13719 | Lair:2   | Noticed a skyshark
 13725 | Lair:2   | Killed a skyshark
 14007 | Lair:2   | Noticed Erica
 14437 | Lair:2   | Slain by a harpy

Illustrated notes

Levels and vault maps discovered:
D:1:      scummos_arrival_star, layout_basic
D:2:      layout_basic, serial_rivers, chequers_serial_rivers_micro_b,
          chequers_serial_rivers_micro_e, chequers_serial_rivers_micro_c,
          chequers_serial_rivers_micro_b, kennysheep_generic_room_2,
          uniq_natasha
D:3:      layout_loops_ring, nicolae_overflow_ecumenical_swirl,
          lemuel_doored_altar, mainiacjoe_overflow_24_doors, serial_shops,
          nicolae_shop_gaudy_bauble, shop, nicolae_shop_behind_doors,
          nicolae_shop_advertising_works [nicolae_subvault_shop_adworks],
          nicolae_shop_window_shopping
D:4:      layout_gridville, kennysheep_slug_shrine
D:5:      layout_cave_pools, lemuel_round_altar, portal_sewer_entry_a,
          minmay_fire_ice_demons
D:6:      layout_basic, zin_angel
D:7:      layout_loops_ring, minmay_temple_entry_nine_rooms, uniq_jeremiah
D:8:      layout_rooms, jmf_multi_god_temple2, minmay_misc_feat_iff
D:9:      layout_loops_ring, mainiacjoe_overflow_surrounded_room,
          dpeg_oklobed_lair
D:10:     layout_roguey, nicolae_ru_awakened_eye,
          nicolae_trove_entry_free_sample, serial_shops, shop,
          serial_nicolae_subway, nicolae_sub_station_stone,
          nicolae_sub_station_metal, nicolae_sub_station_crystal
D:11:     layout_basic, erik_orc_1
Lair:1:   layout_cellular_growth
Lair:2:   layout_gridlike, nicolae_shoals_entry_roost, serial_bayou,
          serial_bayou_pond_b, serial_bayou_crossing, serial_bayou_shore_b,
          serial_bayou_lagoon_b, serial_bayou_pond_e, serial_bayou_lake_a,
          worms_lemuel, uniq_erica

Skill      XL: |  1  2  3  4  5  6  7  8  9 10 11 |
---------------+----------------------------------+-----
Maces & Flails | 1 |  1.0
Axes           | 2 3 4 5 6 8 9 10 11 12 | 12.3
Stealth        | 2 |  2.0
Throwing       | 2 4 |  4.0
Armour         | 2 3 4 |  4.0
Dodging        | 1 3 4 |  4.0
Invocations    | 1 4 7 |  7.0
Fighting       | 3 4 |  4.0
Shields        | 4 6 |  6.3
Evocations     | |  3.0

Action                     |  1- 3 |  4- 6 |  7- 9 | 10-12 || total
---------------------------+-------+-------+-------+-------++-------
  Melee: Club              |    14 |       |       |       ||    14
         War axe           |    22 |       |       |       ||    22
         Punch             |     1 |     1 |     4 |     3 ||     9
         Dagger            |    52 |   105 |       |       ||   157
         Hand axe          |       |    60 |   315 |   216 ||   591
         Battleaxe         |       |       |       |     6 ||     6
  Throw: Dart              |       |     1 |   113 |   100 ||   214
         Throwing net      |       |       |       |     6 ||     6
 Invoke: Grow Ballistomyce |       |       |       |     4 ||     4
  Evoke: Wand              |     1 |    11 |     6 |     8 ||    26
    Use: Scroll            |       |     7 |     7 |     7 ||    21
         Potion            |       |       |     4 |     5 ||     9
   Stab: Sleeping          |     1 |     2 |       |       ||     3
         Distracted        |       |       |     1 |       ||     1
         Held in net/web   |       |       |       |     3 ||     3
 Armour: Leather armour    |    20 |       |       |       ||    20
         Chain mail        |    33 |       |       |       ||    33
         Ring mail         |     6 |    34 |   139 |   123 ||   302
         Scale mail        |       |    25 |       |       ||    25
         Skin              |       |     1 |     4 |    27 ||    32
  Dodge: Dodged            |    32 |    70 |    92 |    79 ||   273
  Block: Other             |    11 |    24 |    47 |    26 ||   108
         Reflection        |       |     1 |       |       ||     1
         Kite shield       |       |       |       |    52 ||    52

Table legend: (Time is in decaauts)
 A = Elapsed time spent in this place.
 B = Non-inter-level travel time spent in this place.
 C = Inter-level travel time spent in this place.
 D = Time resting spent in this place.
 E = Time spent auto-exploring this place.
 F = Levels seen in this place.
 G = Mean time per level.
                   A        B        C        D        E       F      G
               +--------+--------+--------+--------+--------+-----+--------+
         Total |  14504 |  13306 |   1198 |   2034 |   8205 |  14 | 1036.0 |
       Dungeon |  10876 |   9931 |    945 |   1053 |   6446 |  11 |  988.7 |
          Lair |   2656 |   2403 |    253 |    911 |   1138 |   2 | 1328.0 |
         Sewer |    971 |    971 |      0 |     68 |    620 |   1 |  971.0 |
               +--------+--------+--------+--------+--------+-----+--------+

Top non-repeatable levels by time:
  Lair:1: 1803 daAuts
     D:7: 1478 daAuts
     D:1: 1275 daAuts
     D:9: 1221 daAuts
     D:2: 1146 daAuts
     D:6: 1134 daAuts
    D:10: 1117 daAuts
     D:4: 1039 daAuts
   Sewer: 971 daAuts
     D:5: 873 daAuts
  Lair:2: 853 daAuts
     D:3: 767 daAuts
     D:8: 687 daAuts
    D:11: 134 daAuts
